 Dungeon Crawl Stone Soup version 0.27.1-33-g824d729ab1 (webtiles) character file.

Game seed: 8997608467925118574

125660 belegose the Peltast (level 17, -3/119 HPs)
             Began as a Djinni Abyssal Knight on Dec 18, 2021.
             Was the Champion of Lugonu.
             Killed from afar by a shock serpent (10 damage)
             ... with an electric aura
             ... on level 3 of the Snake Pit.
             The game lasted 03:04:29 (33793 turns).

belegose the Peltast (Djinni Abyssal Knight)       Turns: 33793, Time: 03:04:29

Health: -3/119     AC: 12    Str: 12    XL:     17   Next: 51%
Gold:   323        EV: 13    Int: 21    God:    Lugonu [******] SH: 18 Dex: 26

rFire    + + +     SeeInvis .   w - +0 scimitar (protect)
rCold    + . .     Faith    .   u - +4 kite shield of Extremely Toothy Life {Dex+7}
rNeg     . . .     Spirit   .   j - +6 leather armour "Zycvely" {rF+ Will+ Slay+2}
rPois    ∞         Reflect  .   s - +1 helmet {Int+3}
rElec    .         Harm     .   v - scarf {rC+ rF+}
rCorr    .         Rampage  .   V - +0 pair of gloves of the Equinox {Dex+4}
Will     +++..                  (boots unavailable)
Stlth    +++.......             T - amulet of Xom's Flight of Fancy {rC+ Regen+}
HPRegen  1.29/turn              Q - ring of willpower
MPRegen  0.00/turn              F - ring of wizardry

@: about to teleport, flying
A: sickness immunity, fire resistance 2, cold vulnerability 1, float, innate
caster, hp casting, extra vitality 1
a: Renounce Religion, Depart the Abyss, Bend Space, Banish, Corrupt, Enter the
Abyss, Brand Weapon With Distortion


You were on level 3 of the Snake Pit.
You worshipped Lugonu.
Lugonu was exalted by your worship.
You visited 5 branches of the dungeon, and saw 27 of its levels.
You visited the Abyss 1 time.
You also visited: Ice Cave.

You collected 2727 gold pieces.
You spent 2404 gold pieces at shops.

Inventory:

Hand Weapons
 a - a +2 scimitar of holy wrath
 b - a +2 short sword of venom
 w - a +0 scimitar of protection (weapon)
Missiles
 A - 29 boomerangs (quivered)
 D - 36 poisoned darts
 O - 4 javelins
 W - 2 silver javelins
Armour
 j - the +6 leather armour "Zycvely" (worn) {rF+ Will+ Slay+2}
   (You bought it in a shop on level 1 of the Snake Pit)

   Slay:      It affects your accuracy & damage with ranged weapons and melee
   (+2).
   rF:        It protects you from fire.
   Will:      It increases your willpower.
 s - a +1 helmet of intelligence (worn)
 u - the +4 kite shield of Extremely Toothy Life (worn) {Dex+7}
   (You found it on level 4 of the Dungeon)

   Dex:       It affects your dexterity (+7).
 v - a scarf of resistance (worn)
 I - +0 acid dragon scales
 S - the +6 scale mail of Vexation {rElec Dex+2 Slay+2}
   (You bought it in a shop on level 2 of the Orcish Mines)

   Dex:       It affects your dexterity (+2).
   Slay:      It affects your accuracy & damage with ranged weapons and melee
   (+2).
   rElec:     It insulates you from electricity.
 V - the +0 pair of gloves of the Equinox (worn) {Dex+4}
   (You bought it in a shop on level 1 of the Snake Pit)

   Dex:       It affects your dexterity (+4).
Jewellery
 r - a ring of protection from cold
 y - a ring of positive energy
 C - the ring "Yvvunno" {Fire +Blink rPois Dex+7}
   (You found it in an ice cave)

   [ring of fire]

   It enhances your fire magic.
   Dex:       It affects your dexterity (+7).
   rF:        It protects you from fire.
   rC:        It makes you vulnerable to cold.
   rPois:     It protects you from poison.
   +Blink:    It lets you blink.
 F - a ring of wizardry (right hand)
 G - the ring of Babroh {rC+ MP+9}
   (You found it on level 5 of the Dungeon)

   [ring of magical power]

   rC:        It protects you from cold.
   MP:        It affects your magic capacity (+9).
 P - the ring of Ricea {Ice rN+ MP-9 Str+4}
   (You found it in an ice cave)

   [ring of ice]

   It enhances your ice magic.
   Str:       It affects your strength (+4).
   rF:        It makes you vulnerable to fire.
   rC:        It protects you from cold.
   rN:        It protects you from negative energy.
   MP:        It affects your magic capacity (-9).
 Q - a ring of willpower (left hand)
 T - the amulet of Xom's Flight of Fancy (around neck) {rC+ Regen+}
   (You bought it in a shop on level 2 of the Orcish Mines)

   [amulet of regeneration]

   rC:        It protects you from cold.
   Regen:     It increases your rate of health regeneration.
Wands
 c - a wand of acid (9)
 k - a wand of iceblast (6)
 m - a wand of digging (6)
 z - a wand of polymorph (7)
 H - a wand of flame (18)
 L - a wand of paralysis (7)
Scrolls
 d - 5 scrolls of magic mapping
 h - a scroll of enchant weapon
 n - 7 scrolls of teleportation
 t - a scroll of fog
 B - a scroll of summoning
 J - a scroll of silence
 K - 6 scrolls of blinking
 N - a scroll of identify
 U - a scroll of fear
Potions
 e - 2 potions of mutation
 f - 4 potions of brilliance
 g - 2 potions of resistance
 i - 4 potions of curing
 o - 3 potions of haste
 p - 4 potions of might
 q - 3 potions of lignification
 x - 5 potions of ambrosia
 E - 6 potions of heal wounds
Miscellaneous
 l - a condenser vane (inert)
 M - a phial of floods (inert)


   Skills:
 + Level 10.1 Fighting
 - Level 4.4(6.6) Short Blades
 + Level 7.6(8.2) Long Blades
 - Level 3.0 Armour
 - Level 2.1 Dodging
 + Level 5.1 Stealth
 - Level 15.0 Shields
 + Level 11.7 Spellcasting
 - Level 12.0 Invocations
 - Level 10.0 Evocations


You had 8 spell levels left.
You knew the following spells:

 Your Spells              Type           Power      Damage    Failure   Level
a - Freeze                Ice            100%       1d11      1%          1
b - Static Discharge      Conj/Air       57%        N/A       1%          2
c - Portal Projectile     Hex/Tloc       100%       N/A       1%          3
d - Stone Arrow           Conj/Erth      100%       3d13      1%          3
e - Lightning Bolt        Conj/Air       28%        1d45      1%          5
f - Borgnjor's Vile Clut  Necr/Erth      28%        N/A       1%          5
g - Iron Shot             Conj/Erth      28%        9d6       3%          6
h - Death Channel         Necr           28%        N/A       3%          6
Your spell library was empty.

Dungeon Overview and Level Annotations

Branches:
Dungeon (15/15)            Temple (1/1) D:6            Lair (6/6) D:11
 Shoals (0/4) Lair:2        Snake (2/4) Lair:4        Slime (0/5) Lair:6
    Orc (2/2) D:9             Elf (0/3) Orc:2        Vaults (0/5) D:13
 Depths (0/5) D:15          IceCv (visited)

Altars:
Dithmenos
Elyvilon
Gozag
Okawaru
Sif Muna
Vehumet
Beogh
Jiyva

Shops:
D:6 =   Orc:1 ?   Orc:2 =[(*   Snake:1 [[*(

Portals:
Abyss: Lair:4

Annotations:
D:5 exclusion: phantom
D:8 Gastronok
Lair:4 2 transporters, exclusion: 3 oklob plants, Fiha's ghost, journeyman VSTm
Snake:2 1 runed translucent door
Snake:3 Aizul
Orc:1 2 transporters, zeram's ghost, journeyman MfFi


Innate Abilities, Weirdness & Mutations

You are immune to sickness and miasma.
You are immune to poison.
Your flesh is very heat resistant. (rF++)
You are vulnerable to cold. (rC-)
You float through the air rather than walking.
You learn spells naturally, not from books.
Your magical power is your life essence.
You have superior vitality. (+4 HP)


Message History

The shock serpent struggles to escape constriction. x2
The mana viper bites you!
* * * LOW HITPOINT WARNING * * *
The naga struggles to escape constriction.
Aizul the Neglectful Guardian comes into view.
Unknown command.
Unknown command.
As you read the scroll of teleportation, it crumbles to dust.
You feel strangely unstable.
The zombie hands constrict the naga!
The zombie hands constrict the shock serpent.
The zombie hands constrict the mana viper!
The shock serpent's electric aura discharges, shocking you!
* * * LOW HITPOINT WARNING * * *
The shock serpent struggles to escape constriction.
The mana viper bites you!
* * * LOW HITPOINT WARNING * * *
Unknown command.
Unknown command.
Aiming: Corrosive Bolt
Press: ? - help, Shift-Dir - straight line, f/p - naga
Aim: a naga, wielding a +0 hand axe (severely wounded, constricted by zombie hands, 100% to hit)
The bolt of acid hits the mana viper!!
The mana viper is splashed with acid.
The acid corrodes the mana viper!
The mana viper is almost dead.
The bolt of acid hits the shock serpent!
The shock serpent is splashed with acid!
The acid corrodes the shock serpent!
The shock serpent is severely wounded.
The bolt of acid hits the naga!
The naga is splashed with acid!
The acid corrodes the naga!
You kill the naga!
Lugonu accepts your kill.
The shock serpent's electric aura discharges, shocking you!
* * * LOW HITPOINT WARNING * * *
The zombie hands constrict the shock serpent!
The zombie hands constrict the mana viper!
You kill the mana viper!
Lugonu accepts your kill.
The shock serpent's electric aura discharges, shocking you!
You die...

### ##.## ##.#@# #
##.###.#** # ##.##**.!.* #
##.##**,..S#***** ##
##.##*,,,...).,,,*
.########.## *,,,##S...*,*
#).)....N##***,,**,....#,*
##.######.#,,,,**,,##...,*
,##.# ***...,,**,,,**,,,**


You could see Aizul and a shock serpent (corroded, clutched).

Vanquished Creatures
  Saint Roka (Orc:2)
  Kirke (D:14)
  Agnes (D:15)
  Snorg (D:12)
  Josephine (D:15)
  4 naga warriors
  Erolcha (D:12)
  2 hydras
  A catoblepas (Lair:6)
  An ogre mage (D:15)
  A centaur warrior (D:14)
  2 anacondas (Snake:1)
  4 two-headed ogres
  8 death yaks
  A deep troll shaman (Lair:6)
  Urug (D:10)
  5 naga sharpshooters
  3 shock serpents
  12 skeletal warriors
  An iron troll (D:13)
  A salamander mystic (Snake:3)
  A sea snake (Snake:1)
  A lindwurm (Lair:6)
  3 orc knights
  2 necromancers (D:15)
  A swamp dragon (shapeshifter) (D:13)
  A phantasmal warrior (D:15)
  A frost giant zombie (D:15)
  A stone giant zombie (D:15)
  2 deep elf pyromancers
  An orc sorcerer (Orc:2)
  9 mana vipers
  A fire giant zombie (D:15)
  A manticore (D:15)
  11 ugly things
  5 cyclopes
  10 elephants
  2 black mambas (shapeshifter) (D:13)
  20 black mambas
  A merfolk siren (Lair:2)
  Maurice (D:9)
  3 guardian serpents (Snake:1)
  3 salamanders
  A water nymph (shapeshifter) (D:14)
  A torpor snail (Lair:5)
  6 naga magi
  A gargoyle (D:13)
  10 cane toads
  An ice statue (IceCv)
  Maggie (D:8)
  Psyche (D:9)
  A freezing wraith (D:15)
  6 rime drakes
  9 komodo dragons
  3 merfolk (Lair:2)
  6 meliai
  3 trolls
  3 polar bears
  A queen bee (D:11)
  3 harpy skeletons (D:15)
  7 dream sheep
  4 slime creatures (D:14)
  10 blink frogs
  A deep troll skeleton (D:15)
  A spriggan (shapeshifter) (D:15)
  5 wyverns
  5 wraiths
  2 shadows
  63 yaks
  6 hogs (D:14)
  7 basilisks
  A steam dragon (Lair:2)
  10 vampire mosquitoes
  16 nagas
  13 wargs
  An acid dragon (D:11)
  19 water moccasins
  An ice beast (D:8)
  30 orc warriors
  3 black bears
  4 hornet zombies
  3 sky beasts
  A necrophage (D:7)
  9 ogres
  11 wolves
  13 centaurs
  4 boggarts (D:15)
  A phantom (D:7)
  2 kobold brigands
  Blork the orc (Orc:2)
  12 bullfrogs
  A scorpion (D:4)
  A water moccasin zombie (D:5)
  A wyvern skeleton (D:7)
  30 killer bees
  2 lindwurm simulacra (IceCv)
  5 wights (D:7)
  2 electric eels
  A howler monkey (D:8)
  3 komodo dragon simulacra (IceCv)
  A hound (D:6)
  A bullfrog zombie (D:6)
  4 centaur zombies
  18 orc priests
  3 centaur skeletons
  2 jellies
  3 iguanas
  19 orc wizards
  A killer bee zombie (D:8)
  Robin (D:2)
  6 gnolls
  A howler monkey skeleton (D:7)
  9 acid dragon simulacra (IceCv)
  6 adders
  15 white imps
  7 steam dragon simulacra (IceCv)
  2 worms
  2 dart slugs (D:4)
  57 orcs
  7 endoplasms
  2 giant cockroaches
  13 goblins
  2 hobgoblins
  4 jackals
  5 quokkas
  7 ball pythons
  7 bats
  A frilled lizard (D:1)
  16 kobolds
  5 rats
730 creatures vanquished.

Vanquished Creatures (others)
  22 fungi
  75 plants
  5 withered plants (D:15)
102 creatures vanquished.

Grand Total: 832 creatures vanquished

Notes
Turn   | Place    | Note
-------+----------+-------------------------------------------
     0 | Abyss:1  | belegose the Djinni Abyssal Knight began the quest for the
                  | Orb.
     0 | Abyss:1  | Reached XP level 1. HP: 20/20 MP: 0/0
    25 | Abyss:1  | Noticed an efreet
    28 | D:1      | Escaped the Abyss
   307 | D:1      | Noticed an eye of devastation
   385 | D:1      | Found a faded altar of an unknown god.
   390 | D:1      | Noticed a golden eye
   513 | D:1      | Noticed a shining eye
   516 | D:1      | Reached * piety under Lugonu
   517 | D:1      | Reached XP level 2. HP: 20/25 MP: 0/0
   529 | D:1      | Noticed a golden eye
   806 | D:1      | Reached XP level 3. HP: 22/30 MP: 0/0
   806 | D:1      | Learned a level 1 spell: Freeze
  1620 | D:2      | Noticed Robin
  1777 | D:2      | Killed Robin
  1778 | D:2      | Reached XP level 4. HP: 25/35 MP: 0/0
  2186 | D:1      | Reached ** piety under Lugonu
  2328 | D:2      | Reached skill level 1 in Spellcasting
  2649 | D:2      | Reached XP level 5. HP: 36/40 MP: 0/0
  2649 | D:2      | Learned a level 2 spell: Static Discharge
  3829 | D:4      | Reached XP level 6. HP: 32/47 MP: 0/0
  4240 | D:4      | Identified the +4 kite shield of Extremely Toothy Life
                  | {Dex+7}
  4567 | D:5      | Entered Level 5 of the Dungeon
  4691 | D:5      | Found a shadowy altar of Dithmenos.
  4693 | D:5      | Noticed a black bear
  4705 | D:5      | Killed a black bear
  4706 | D:5      | Reached skill level 1 in Shields
  4706 | D:5      | Reached XP level 7. HP: 37/52 MP: 0/0
  4706 | D:5      | Learned a level 3 spell: Portal Projectile
  4801 | D:5      | Identified the ring of Babroh {rC+ MP+9}
  5481 | D:5      | Reached skill level 2 in Shields
  5593 | D:5      | Reached *** piety under Lugonu
  6005 | D:6      | Reached XP level 8. HP: 58/58 MP: 0/0
  6227 | D:6      | Found an iron altar of Okawaru.
  6251 | D:6      | Reached skill level 5 in Fighting
  6455 | D:6      | Reached skill level 3 in Shields
  6492 | D:6      | Found an opulent altar of Gozag.
  6538 | D:6      | Found a staircase to the Ecumenical Temple.
  6548 | Temple   | Entered the Ecumenical Temple
  6684 | D:6      | Found Joka Iti's Jewellery Emporium.
  7070 | D:7      | Reached XP level 9. HP: 62/65 MP: 0/0
  7070 | D:7      | Learned a level 3 spell: Stone Arrow
  7114 | D:7      | Reached skill level 5 in Invocations
  7300 | D:6      | Reached skill level 4 in Shields
  7415 | D:7      | Reached skill level 5 in Long Blades
  9109 | D:8      | Noticed Maggie
  9135 | D:8      | Killed Maggie
  9136 | D:8      | Reached skill level 5 in Shields
  9136 | D:8      | Reached XP level 10. HP: 50/73 MP: 0/0
  9300 | D:8      | Noticed Gastronok
  9571 | D:8      | Found a white marble altar of Elyvilon.
 10239 | D:9      | Noticed a deep elf pyromancer
 10296 | D:9      | Killed a deep elf pyromancer
 10734 | D:9      | Noticed Maurice
 10944 | D:9      | Found a staircase to the Orcish Mines.
 10992 | D:9      | Killed Maurice
 10993 | D:9      | Reached skill level 6 in Shields
 11078 | D:9      | Reached skill level 5 in Spellcasting
 11262 | D:9      | Noticed Psyche
 11314 | D:9      | Killed Psyche
 11543 | D:9      | Reached XP level 11. HP: 62/80 MP: 0/0
 11543 | D:9      | Learned a level 5 spell: Lightning Bolt
 12009 | D:10     | Entered Level 10 of the Dungeon
 12015 | D:10     | Identified the +1 robe "Pitegh" {Rampage Str+3}
 12031 | D:10     | Noticed Urug
 12199 | D:10     | Reached **** piety under Lugonu
 12666 | Orc:1    | Entered Level 1 of the Orcish Mines
 12798 | Orc:1    | Found Tustom's Magic Scroll Boutique.
 12804 | Orc:1    | Found the ring of Shadows {Umbra +Inv Stlth+}
 13292 | Orc:1    | Bought a scroll of identify for 22 gold pieces
 13292 | Orc:1    | Bought a scroll of identify for 22 gold pieces
 13292 | Orc:1    | Bought a scroll of identify for 22 gold pieces
 13431 | Orc:1    | Noticed zeram's ghost (journeyman MfFi)
 13432 | Orc:1    | Found a transporter.
 13432 | Orc:1    | Noticed an orc sorcerer
 13436 | Orc:1    | Found a transporter.
 13522 | Orc:1    | Reached skill level 7 in Shields
 13704 | Orc:1    | Noticed an orc knight
 13775 | Orc:1    | Killed an orc knight
 13780 | Orc:1    | Reached skill level 1 in Short Blades
 14026 | Orc:2    | Entered Level 2 of the Orcish Mines
 14065 | Orc:2    | Noticed an orc knight
 14219 | Orc:2    | Banished an orc knight
 14324 | Orc:2    | Noticed an orc knight
 14325 | Orc:2    | Banished an orc knight
 14678 | Orc:1    | Reached ***** piety under Lugonu
 15033 | Orc:2    | Reached XP level 12. HP: 76/88 MP: 0/0
 15089 | Orc:2    | Noticed an orc high priest
 15104 | Orc:1    | Noticed a sixfirhy
 15104 | Orc:1    | Banished an orc high priest
 15183 | Orc:2    | Noticed Blork the orc
 15222 | Orc:2    | Killed Blork the orc
 15417 | Orc:2    | Reached skill level 8 in Shields
 15591 | Orc:2    | Noticed Saint Roka
 15979 | D:11     | Noticed a two-headed ogre
 15982 | D:10     | Banished a two-headed ogre
 16070 | D:11     | Found a frozen archway.
 16137 | IceCv    | Entered an ice cave
 16481 | IceCv    | Noticed a white draconian
 16497 | IceCv    | Banished a white draconian
 16619 | IceCv    | Identified the ring "Yvvunno" {Fire +Blink rPois Dex+7}
 16626 | IceCv    | Identified the ring of Ricea {Ice rN+ MP-9 Str+4}
 17351 | D:11     | Found a staircase to the Lair.
 17415 | D:11     | Reached skill level 1 in Evocations
 17444 | D:11     | Noticed a two-headed ogre
 17446 | D:11     | Banished a two-headed ogre
 17447 | D:11     | Reached skill level 1 in Stealth
 17447 | D:11     | Reached XP level 13. HP: 92/95 MP: 0/0
 17447 | D:11     | Learned a level 5 spell: Borgnjor's Vile Clutch
 17627 | D:11     | Reached skill level 9 in Shields
 18186 | Lair:1   | Entered Level 1 of the Lair of Beasts
 19432 | Lair:2   | Identified the +2 robe of Entitlement {Regen+}
 20003 | Lair:2   | Found a staircase to the Shoals.
 20109 | Lair:2   | Reached skill level 10 in Shields
 20187 | Lair:1   | Reached ****** piety under Lugonu
 21170 | Lair:3   | Noticed a four-headed hydra
 21195 | Lair:3   | Banished a four-headed hydra
 21196 | Lair:3   | Reached XP level 14. HP: 100/102 MP: 0/0
 21876 | Lair:3   | Reached skill level 11 in Shields
 22260 | Lair:4   | Found a transporter.
 22269 | Lair:4   | Found a transporter.
 22291 | Lair:4   | Found a one-way gate to the infinite horrors of the Abyss.
 22291 | Lair:4   | Noticed Fiha's ghost (journeyman VSTm)
 22490 | Lair:4   | Found a staircase to the Snake Pit.
 23752 | Lair:4   | Reached skill level 12 in Shields
 24421 | Lair:6   | Entered Level 6 of the Lair of Beasts
 24620 | Lair:5   | Reached skill level 5 in Evocations
 24971 | Lair:6   | Reached skill level 10 in Spellcasting
 25388 | Lair:6   | Found a viscous altar of Jiyva.
 25389 | Lair:6   | Found a staircase to the Slime Pits.
 25567 | Lair:6   | Reached XP level 15. HP: 92/107 MP: 0/0
 25567 | Lair:6   | Learned a level 6 spell: Iron Shot
 25769 | Lair:6   | Reached skill level 10 in Invocations
 25800 | Lair:6   | Identified the +0 cloak of Cagekk {rPois}
 26172 | D:10     | Killed Urug
 26533 | Orc:2    | Found Voem's Antique Armour Boutique.
 26583 | Orc:2    | Killed Saint Roka
 26609 | Orc:2    | Found Kaininwygo's Jewellery Boutique.
 26660 | Orc:2    | Found Luihyla's Antique Weapon Boutique.
 26682 | Orc:2    | Found Ruwigopo's General Store.
 26689 | Orc:2    | Bought a scroll of blinking for 97 gold pieces
 26706 | Orc:2    | Bought a masterwork scale mail for 261 gold pieces
 26706 | Orc:2    | Identified the +6 scale mail of Vexation {rElec Dex+2
                  | Slay+2} (You bought it in a shop on level 2 of the Orcish
                  | Mines)
 26742 | Orc:2    | Bought the amulet of Xom's Flight of Fancy {rC+ Regen+} for
                  | 660 gold pieces
 26819 | Orc:2    | Found a staircase to the Elven Halls.
 27168 | D:12     | Identified the +3 flail of the Endless March {pain, rN+
                  | Dex+7}
 27624 | D:12     | Noticed Erolcha
 27628 | D:12     | Killed Erolcha
 27629 | D:12     | Reached skill level 13 in Shields
 27703 | D:12     | Noticed Snorg
 27709 | D:12     | Killed Snorg
 28783 | D:13     | Found a gate to the Vaults.
 29063 | D:14     | Noticed Nessos
 29071 | D:14     | Noticed Nessos
 29071 | D:14     | Nessos changed into Nessos the mana viper
 29078 | D:14     | Killed Nessos the mana viper
 29264 | D:14     | Reached XP level 16. HP: 112/112 MP: 0/0
 29500 | D:14     | Noticed Kirke
 29668 | D:14     | Killed Kirke
 30182 | D:15     | Entered Level 15 of the Dungeon
 30233 | D:15     | Noticed Agnes
 30238 | D:15     | Killed Agnes
 30361 | D:15     | Found a shadowy altar of Dithmenos.
 30703 | D:15     | Noticed Josephine
 30708 | D:15     | Killed Josephine
 31069 | D:15     | Reached skill level 14 in Shields
 31229 | D:15     | Found a staircase to the Depths.
 31700 | D:6      | Bought a ring of willpower for 300 gold pieces
 31910 | Snake:1  | Entered Level 1 of the Snake Pit
 32097 | Snake:1  | Found Egeur's Antique Weapon Shoppe.
 32100 | Snake:1  | Found Gauggel's Assorted Antiques.
 32100 | Snake:1  | Found Ryuguum's Antique Armour Emporium.
 32103 | Snake:1  | Found Epsani's Antique Armour Emporium.
 32134 | Snake:1  | Reached XP level 17. HP: 62/118 MP: 0/0
 32134 | Snake:1  | Learned a level 6 spell: Death Channel
 32165 | Snake:1  | Bought a pair of fine gloves for 313 gold pieces
 32165 | Snake:1  | Identified the +0 pair of gloves of the Equinox {Dex+4}
                  | (You bought it in a shop on level 1 of the Snake Pit)
 32180 | Snake:1  | Bought a shiny helmet for 210 gold pieces
 32198 | Snake:1  | Bought a crude cloak for 266 gold pieces
 32198 | Snake:1  | Identified the +0 cloak of Unreason {rPois Str+2 Stlth+}
                  | (You bought it in a shop on level 1 of the Snake Pit)
 32202 | Snake:1  | Bought a fine leather armour for 231 gold pieces
 32202 | Snake:1  | Identified the +6 leather armour "Zycvely" {rF+ Will+
                  | Slay+2} (You bought it in a shop on level 1 of the Snake
                  | Pit)
 32245 | Snake:1  | Reached skill level 10 in Evocations
 32852 | Snake:1  | Reached skill level 15 in Shields
 33279 | Snake:2  | Found a runed translucent door.
 33694 | Snake:2  | You are sucked into a shaft and drop 1 floor!
 33714 | Snake:3  | Reached skill level 10 in Fighting
 33741 | Snake:3  | Reached skill level 5 in Stealth
 33791 | Snake:3  | Noticed Aizul
 33793 | Snake:3  | Killed from afar by a shock serpent

Illustrated notes

Levels and vault maps discovered:
D:1:      co_arrival_random_square_maze, layout_rooms,
          hellmonk_ecumenical_altar_watching_god
D:2:      layout_loops_corners, uniq_robin
D:3:      layout_rooms
D:4:      layout_gridville
D:5:      layout_layer_cave, mainiacjoe_overflow_catch_the_wave, sigmund_army
D:6:      layout_basic, nicolae_overflow_crystal_walls,
          mainiacjoe_overflow_cross_hatched, minmay_temple_entry_wispy,
          serial_shops, nicolae_shop_statue_plus
D:7:      nicolae_whirlpool, layout_loops_corners
D:8:      layout_basic, mainiacjoe_overflow_tiny_flanked, vehumet_altar_wand_db,
          kennysheep_nondescript, minmay_misc_feat_plants, uniq_maggie,
          uniq_gastronok
D:9:      layout_irregular_city, minmay_orc_entry_temple_small,
          serial_co_window_serial, co_window_paths_a, co_window_paths_b,
          co_window_paths_a, co_window_paths_b, co_window_of_opportunity_a,
          co_window_corner_ca, co_window_cross_4, co_window_cross_4,
          serial_bayou_ford_a, uniq_maurice, uniq_psyche
D:10:     layout_big_octagon, uniq_urug
D:11:     layout_long_grid, minmay_lair_entry_grove, portal_ice_cave_entry_imps,
          special_room [special_room_bee], kennysheep_potato
D:12:     layout_irregular_city, uniq_snorg, uniq_erolcha
D:13:     layout_gridville, david_vaults_4
D:14:     layout_long_grid, uniq_nessos, uniq_kirke
D:15:     gammafunk_depths_entry_grave, layout_basic, grunt_dithmenos_shadows,
          uniq_josephine, uniq_agnes
Temple:   nicolae_temple_elliptical
Lair:1:   layout_regular_city, grunt_megastairs_1
Lair:2:   layout_cellular_growth, elwin_shoals_entry_stream, lemuel_fruit_fields
Lair:3:   layout_roguey
Lair:4:   layout_layer_cave, minmay_snake_entry_guardpost_medium,
          gammafunk_ghost_abyssal_escape, dpeg_oklob_1, serial_bayou_shore_b,
          lemuel_fruit_tree, grunt_megastairs_2
Lair:5:   layout_gridlike, serial_bayou_pond_e
Lair:6:   grunt_lair_end_beastmaster, layout_regular_city,
          dpeg_slime_entry_enclosed_altar
Snake:1:  layout_onion_interference, hangedman_snake_corridor_cut,
          minmay_shoptagon, serial_bayou_shore_a
Snake:2:  nicolae_snake_attic_fulla_snakes, layout_onion_interference,
          ebering_ghost_reflecting_pool
Snake:3:  nicolae_snake_crotalidae_crossing, layout_misc_corridors, uniq_aizul
Orc:1:    layout_caves, serial_shops, shop, gammafunk_ghost_arena
Orc:2:    grunt_orc_cross, layout_caves, mines5_lemuel

Skill      XL: |  1  2  3  4  5  6  7  8  9 10 11 12 13 14 15 16 17 |
---------------+----------------------------------------------------+-----
Invocations    | 2 3 4 6 7 8 9 11 12 | 12.0
Long Blades    | 2 3 4 5 6 7 |  7.6
Spellcasting   | 1 2 3 4 5 6 7 8 10 11 | 11.7
Armour         | 2 3 |  3.0
Fighting       | 4 5 6 7 8 9 10 | 10.1
Shields        | 1 2 3 5 6 7 8 10 12 13 14 15 | 15.0
Short Blades   | 2 4 |  4.4
Evocations     | 1 4 5 7 9 10 | 10.0
Stealth        | 1 4 5 |  5.1
Dodging        | |  2.1

Action                   |  1- 3 |  4- 6 |  7- 9 | 10-12 | 13-15 | 16-18 || total
-------------------------+-------+-------+-------+-------+-------+-------++-------
Melee: Falchion          |    60 |     4 |   203 |    46 |       |       ||   313
       Dagger            |    35 |   130 |   184 |   196 |       |       ||   545
       Flail             |       |     3 |       |       |       |       ||     3
       Scimitar          |       |       |       |   645 |  1212 |   425 ||  2282
       Short sword       |       |       |       |   440 |   173 |     2 ||   615
Throw: Stone             |       |       |    14 |     2 |       |       ||    16
       Dart              |       |       |       |    49 |    69 |       ||   118
       Boomerang         |       |       |       |     7 |    10 |    42 ||    59
 Cast: Freeze            |       |     1 |     1 |       |       |       ||     2
       Static Discharge  |       |       |     1 |       |     2 |       ||     3
       Borgnjor's Vile C |       |       |       |       |   128 |    93 ||   221
       Lightning Bolt    |       |       |       |       |    77 |    97 ||   174
       Iron Shot         |       |       |       |       |     2 |     6 ||     8
       Stone Arrow       |       |       |       |       |     2 |       ||     2
Invok: Depart the Abyss  |     1 |       |       |       |       |       ||     1
       Banish            |       |       |       |     9 |     7 |     7 ||    23
 Abil: Evoke Blink       |       |       |       |       |       |     1 ||     1
Evoke: Wand              |       |       |     2 |    39 |    10 |    23 ||    74
       Phial of floods   |       |       |       |       |       |     1 ||     1
       Condenser vane    |       |       |       |       |       |     1 ||     1
  Use: Potion            |       |       |     3 |     1 |       |     1 ||     5
       Scroll            |       |       |       |    17 |     5 |     9 ||    31
 Stab: Distracted        |       |     1 |     1 |     2 |     1 |       ||     5
       Sleeping          |       |     3 |     8 |       |     2 |     1 ||    14
       Paralysed         |       |       |       |     2 |       |     2 ||     4
Armor: Leather armour    |    48 |    36 |    73 |       |       |    23 ||   180
       Skin              |       |       |    17 |    55 |       |       ||    72
       Acid dragon scale |       |       |       |    75 |       |       ||    75
       Troll leather arm |       |       |       |   195 |    51 |       ||   246
       Robe              |       |       |       |       |   199 |    65 ||   264
Dodge: Dodged            |    60 |    73 |   125 |   341 |   475 |   128 ||  1202
Block: Kite shield       |       |    26 |   311 |  1001 |  1184 |   399 ||  2921
       Reflection        |       |       |    14 |       |       |       ||    14
       Rpst.: Falchion   |    14 |       |    19 |     4 |       |       ||    37
       Scimitar          |       |       |       |    50 |   110 |    28 ||   188
